 Dungeon Crawl Stone Soup version 0.28-a0-241-gfbb0926a3a (console) character file.

Game seed: 7013436170145698725

918 FIQ the Firebug (level 7, 0/53 HPs)
             Began as a Demonspawn Fire Elementalist on Aug 24, 2021.
             Was a Believer of Yredelemnul.
             Slain by a scorpion (4 damage)
             ... on level 5 of the Dungeon.
             The game lasted 00:16:17 (6041 turns).

FIQ the Firebug (Demonspawn Fire Elementalist)      Turns: 6041, Time: 00:16:17

Health: 0/53       AC:  5    Str:  8    XL:     7   Next: 83%
Magic:  13/13      EV: 12    Int: 18    God:    Yredelemnul [**....]
Gold:   190        SH:  0    Dex: 14    Spells: 13/14 levels left

rFire   . . .      SeeInvis .   k - +0 dagger (speed)
rCold   . . .      Faith    .   (no shield)
rNeg    . . .      Spirit   .   a - +0 robe
rPois   .          Reflect  .   m - +0 helmet
rElec   .          Harm     .   j - +0 cloak
rCorr   .          Rampage  .   e - +0 pair of gloves
Will    .....                   (no boots)
Stlth   ++........              p - amulet of magic regeneration
HPRegen 0.17/turn               q - ring of wizardry
MPRegen 0.38/turn               (no ring)

@: about to teleport, hasted, very quick
A: hooves 1, sturdy frame 1, demonic magic 1
a: Renounce Religion, Animate Remains, Recall Undead Slaves, Injury Mirror


You were on level 5 of the Dungeon.
You worshipped Yredelemnul.
Yredelemnul was pleased with you.
You visited 1 branch of the dungeon, and saw 5 of its levels.

You collected 190 gold pieces.

Inventory:

Hand Weapons
 k - a +0 dagger of speed (weapon)
Missiles
 s - a throwing net
Armour
 a - a +0 robe (worn)
 e - a +0 pair of gloves (worn)
 j - a +0 cloak (worn)
 m - a +0 helmet (worn)
Jewellery
 p - an amulet of magic regeneration (around neck)
 q - a ring of wizardry (left hand)
Scrolls
 b - a scroll of identify
 c - a scroll of teleportation
 f - a scroll of holy word {unknown}
 g - a scroll of brand weapon {unknown}
 r - a scroll of amnesia {unknown}
 t - a scroll of vulnerability {unknown}
Potions
 d - a potion of brilliance
 h - a potion of mutation
 i - 2 potions of magic
 l - a potion of cancellation
 n - a potion of haste
 o - a potion of degeneration


   Skills:
 + Level 3.7 Fighting
 + Level 3.1 Armour
 - Level 2.1 Dodging
 - Level 1.7 Stealth
 + Level 4.1 Spellcasting
 + Level 4.0 Conjurations
 + Level 4.5 Fire Magic


You had 13 spell levels left.
You knew the following spells:

 Your Spells              Type           Power      Damage    Failure   Level
a - Foxfire               Conj/Fire      76%        2x1d7     1%          1

Your spell library contained the following spells:

 Spells                   Type           Power      Damage    Failure   Level
 Conjure Flame            Conj/Fire      19%        6-21      3%          3
 Inner Flame              Hex/Fire       11%        N/A       7%          3
 Sticky Flame             Conj/Fire      19%        2d4       11%         4
 Ozocubu's Armour         Ice            3%         N/A       17%         3
 Fireball                 Conj/Fire      9%         3d6       26%         5
 Metabolic Englaciation   Hex/Ice        1%         N/A       82%         5
 Simulacrum               Ice/Necr       1%         N/A       100%        6


Dungeon Overview and Level Annotations

Branches:
Dungeon (5/15)             Temple (0/1) D:4

Altars:
Sif Muna
Yredelemnul
The Shining One


Innate Abilities, Weirdness & Mutations

You have large cloven feet.
Your movements are slightly less encumbered by armour. (ER -2)
Spells you cast may paralyse adjacent enemies.


Message History

You conjure some foxfire!
Malevolent energies surge around you. The wyvern zombie barely misses you.
The bullfrog skeleton hits you but does no damage.
The wyvern zombie bites you!
* * * LOW HITPOINT WARNING * * *
The foxfire hits the bullfrog skeleton.
The bullfrog skeleton is lightly damaged.
The foxfire hits the bullfrog skeleton.
The bullfrog skeleton is lightly damaged.
The bullfrog skeleton hits you.
* * * LOW HITPOINT WARNING * * *
Found a scroll labelled UMENIX TINEHET.
The bullfrog skeleton hits you.
* * * LOW HITPOINT WARNING * * *
Okay, then.
You feel yourself speed up.
The wyvern zombie bites you but does no damage.
The bullfrog skeleton hits you.
* * * LOW HITPOINT WARNING * * *
Found a dagger.
A sky beast comes into view.
You see here a scroll labelled UMENIX TINEHET.
Found 4 gold pieces.
A scorpion comes into view.
Found a stone staircase leading down.
The scorpion moves out of view.
The scorpion stings you.
* * * LOW HITPOINT WARNING * * *
The scorpion stings you but does no damage.
Found 15 gold pieces.
Found 21 arrows.
You hear the hiss of a distant avalanche of sand.
The sky beast flickers out of sight!
Deactivating autopickup; reactivate with @.
Okay, then.
You aren't carrying any items that you can evoke.
As you read the scroll labelled SUSUXO NUC FERYC, it crumbles to dust.
You feel strangely unstable.
It was a scroll of teleportation.
Okay, then.
The scorpion stings you.
You die...
Your body rises from the dead as a mindless zombie.

*,,.....,*#.....
*,,,.>..(*#.....
*****#..###.....
##.........
##.....####.
#..##.......
#######.##...##..#
#$......$..#......
*****#@.Z.Z.....#..####
**,,,*#.s........#.##
*.
**,,,,,##...........#
#.
*,,,,,,,##########.##
#. *,,,_,,,* *..# ##
*,,,,,,,* *,##
**,,,,,** **,* **,,,**
*,,* ** **,** ***,** *,


You could see a scorpion, a wyvern zombie and a bullfrog skeleton.

Vanquished Creatures
  An ice beast (D:5)
  2 ogres (D:5)
  2 scorpions
  A water moccasin skeleton (D:4)
  3 jellies (D:3)
  An orc priest (D:4)
  A hound (D:2)
  A centaur skeleton (D:5)
  Natasha (twice) (D:2)
  An orc wizard (D:3)
  An iguana (D:5)
  A hound skeleton (D:5)
  4 gnolls (D:4)
  3 adders (D:2)
  2 ufetubi (D:4)
  2 worms
  4 dart slugs
  8 orcs
  3 ball pythons
  7 bats
  14 endoplasms
  3 giant cockroaches
  5 goblins
  10 hobgoblins
  8 jackals
  17 kobolds
  3 quokkas
  4 frilled lizards
  4 rats
118 creatures vanquished.

Vanquished Creatures (others)
  401 foxfires
  7 fungi (D:3)
  10 toadstools (D:3)
418 creatures vanquished.

Grand Total: 536 creatures vanquished

Notes
Turn   | Place    | Note
-------+----------+-------------------------------------------
     0 | D:1      | FIQ the Demonspawn Fire Elementalist began the quest for
                  | the Orb.
     0 | D:1      | Reached XP level 1. HP: 13/13 MP: 3/3
   412 | D:1      | Gained mutation: You have large cloven feet. [demonic
                  | ancestry]
   412 | D:1      | Reached XP level 2. HP: 20/20 MP: 3/5
  1535 | D:1      | Reached skill level 1 in Fighting
  1535 | D:1      | Reached XP level 3. HP: 26/26 MP: 1/6
  2004 | D:2      | Found a basalt altar of Yredelemnul.
  2028 | D:2      | Gained mutation: Spells you cast may paralyse adjacent
                  | enemies. [demonic ancestry]
  2028 | D:2      | Reached XP level 4. HP: 25/32 MP: 1/7
  2054 | D:2      | Became a worshipper of Yredelemnul the Dark
  2402 | D:2      | Reached skill level 1 in Armour
  2535 | D:2      | Noticed Natasha
  2542 | D:2      | Killed Natasha
  2544 | D:2      | Gained mutation: Your movements are slightly less
                  | encumbered by armour. (ER -2) [demonic ancestry]
  2544 | D:2      | Reached XP level 5. HP: 38/38 MP: 4/9
  2699 | D:2      | Found a faded altar of an unknown god.
  3020 | D:2      | Noticed Natasha
  3026 | D:2      | Killed Natasha
  3747 | D:3      | Reached * piety under Yredelemnul
  4351 | D:3      | Reached XP level 6. HP: 43/46 MP: 6/10
  4810 | D:4      | Found a staircase to the Ecumenical Temple.
  5459 | D:4      | Found a shimmering blue altar of Sif Muna.
  5554 | D:4      | Reached ** piety under Yredelemnul
  5564 | D:4      | Reached XP level 7. HP: 23/52 MP: 8/12
  5821 | D:5      | Entered Level 5 of the Dungeon
  6041 | D:5      | Slain by a scorpion

Illustrated notes

Levels and vault maps discovered:
D:1:      dpeg_arrival_fog, layout_basic, minmay_tromino_v4_a
D:2:      layout_loops_ring, basic_ecumenical_altar, basic_altar, st_stairs_9,
          grunt_decor_junction, uniq_natasha
D:3:      cheibrodos_fertilizer, layout_basic, mainiacjoe_overflow_chevrons
D:4:      layout_gridville, kennysheep_mini_moat,
          minmay_temple_entry_drinking_statues
D:5:      minmay_inner_zag, layout_rooms, lemuel_round_altar,
          nicolae_ossuary_entry_false_entrances

Skill      XL: |  1  2  3  4  5  6  7 |
---------------+----------------------+-----
Dodging        | 2 |  2.1
Fighting       | 1 2 3 |  3.7
Fire Magic     | 3 4 |  4.5
Conjurations   | 2 3 4 |  4.0
Armour         | 1 2 3 |  3.1
Spellcasting   | 3 4 |  4.1
Stealth        | |  1.7

Action                   |  1- 3 |  4- 6 |  7- 9 || total
-------------------------+-------+-------+-------++-------
Melee: Unarmed           |     3 |       |       ||     3
       Kick              |     2 |    18 |     6 ||    26
       Dagger            |     4 |    64 |    17 ||    85
 Cast: Foxfire           |    66 |   164 |    50 ||   280
  Use: Scroll            |       |     4 |     5 ||     9
       Potion            |       |       |     1 ||     1
 Stab: Paralysed         |       |    17 |    13 ||    30
Armor: Robe              |     7 |     6 |    10 ||    23
Dodge: Dodged            |    19 |    21 |     7 ||    47

Table legend: (Time is in decaauts)
 A = Elapsed time spent in this place.
 B = Non-inter-level travel time spent in this place.
 C = Inter-level travel time spent in this place.
 D = Time resting spent in this place.
 E = Time spent auto-exploring this place.
 F = Levels seen in this place.
 G = Mean time per level.
                   A        B        C        D        E       F      G
               +--------+--------+--------+--------+--------+-----+--------+
         Total |   6004 |   5689 |    315 |     31 |   4530 |   5 | 1200.8 |
       Dungeon |   6004 |   5689 |    315 |     31 |   4530 |   5 | 1200.8 |
               +--------+--------+--------+--------+--------+-----+--------+

Top non-repeatable levels by time:
     D:1: 1773 daAuts
     D:3: 1402 daAuts
     D:4: 1326 daAuts
     D:2: 1297 daAuts
     D:5: 205 daAuts
